TOP OF THE 1ST |
Texas (APP) Rangers batting - Pitching for Boston (APP) Red Sox : RHP Jon Olivo
|
Pitching: RHP Jon Olivo
|
|
Batting: RHB Alex Lopez
|
0-0: Ball 1-0: Fly out, F8 (Flyball, 8RM, EV 90.6 MPH)
|
Batting: RHB Jordan Llanes
|
0-0: Ground out 6-3 (Groundball, 6MS, EV 94.4 MPH)
|
Batting: LHB Tomoya Hashimoto
|
0-0: Ball 1-0: Ball 2-0: Called Strike 2-1: Fly out, F6 (Flyball, 5D, EV 81.3 MPH)
|
Top of the 1st over - 0 runs, 0 hits, 0 errors, 0 left on base; Texas (APP) 0 - Boston (APP) 0 |
BOTTOM OF THE 1ST |
Boston (APP) Red Sox batting - Pitching for Texas (APP) Rangers : RHP Jaleel Martin
|
Pitching: RHP Jaleel Martin
|
|
Batting: RHB Curt Stallings
|
0-0: Ball 1-0: Ball 2-0: Called Strike 2-1: Foul Ball, location: 2F 2-2: SINGLE (Groundball, 56D, EV 108.1 MPH)
|
Batting: RHB Rogelio Cervantes
|
0-0: Ball 1-0: Foul Ball, location: 2F 1-1: Ball 2-1: Fly out, F7 (Flyball, 7LS, EV 91.3 MPH)
|
Batting: LHB Frank Olivo
|
0-0: Ball Curt Stallings steals 2nd base 1-0: Called Strike 1-1: Ball 2-1: Ball 3-1: Swinging Strike 3-2: Base on Balls
|
Batting: SHB Eric Evans
|
0-0: Swinging Strike 0-1: Fly out, F9 (Flyball, 9LM, EV 84.4 MPH) Runner from 2nd tags up, SAFE at 3rd with throw by RF
|
Batting: RHB John Doucette
|
0-0: Fielders Choice at 2nd, 6-4 (Groundball, 6, EV 88.1 MPH)
|
Bottom of the 1st over - 0 runs, 1 hit, 0 errors, 2 left on base; Texas (APP) 0 - Boston (APP) 0 |
TOP OF THE 2ND |
Texas (APP) Rangers batting - Pitching for Boston (APP) Red Sox : RHP Jon Olivo
|
Batting: RHB Ryan Pastore
|
0-0: Ball 1-0: Called Strike 1-1: Fly out, F9 (Line Drive, 9, EV 95.0 MPH)
|
Batting: RHB Robby Adair
|
0-0: Called Strike 0-1: Ball 1-1: Ball 2-1: Fly out, F9 (Line Drive, 9S, EV 91.9 MPH)
|
Batting: RHB David Redman
|
0-0: Ball 1-0: Ball 2-0: Called Strike 2-1: Ball 3-1: Ground out 6-3 (Groundball, 6, EV 91.3 MPH)
|
Top of the 2nd over - 0 runs, 0 hits, 0 errors, 0 left on base; Texas (APP) 0 - Boston (APP) 0 |
BOTTOM OF THE 2ND |
Boston (APP) Red Sox batting - Pitching for Texas (APP) Rangers : RHP Jaleel Martin
|
Batting: RHB Ben Crossley
|
0-0: Ball 1-0: Called Strike 1-1: Swinging Strike 1-2: Foul Ball, location: 2F 1-2: Strikes out swinging
|
Batting: RHB Dominique Paolozzi
|
0-0: Ground out 5-3 (Groundball, 5, EV 85.0 MPH)
|
Batting: RHB Paul Bennett
|
0-0: Ball 1-0: Ball 2-0: DOUBLE (Groundball, 5L, EV 105.0 MPH)
|
Batting: RHB Joe Booth
|
0-0: Ball 1-0: Called Strike 1-1: Fly out, F7 (Flyball, 7LM, EV 99.4 MPH)
|
Bottom of the 2nd over - 0 runs, 1 hit, 0 errors, 1 left on base; Texas (APP) 0 - Boston (APP) 0 |
TOP OF THE 3RD |
Texas (APP) Rangers batting - Pitching for Boston (APP) Red Sox : RHP Jon Olivo
|
Batting: RHB Shawn Weber
|
0-0: Foul Ball, location: 2F 0-1: Fly out, F8 (Flyball, 8RS, EV 91.3 MPH)
|
Batting: LHB Justin Wheelock
|
0-0: DOUBLE (Line Drive, 7LM, EV 94.4 MPH)
|
Batting: RHB Rafael Tapia
|
0-0: Ball 1-0: Ground out 6-3 (Groundball, 6, EV 90.0 MPH)
|
Batting: RHB Alex Lopez
|
0-0: Ball 1-0: Called Strike 1-1: Ball 2-1: Ground out 6-3 (Groundball, 6, EV 87.5 MPH)
|
Top of the 3rd over - 0 runs, 1 hit, 0 errors, 1 left on base; Texas (APP) 0 - Boston (APP) 0 |
BOTTOM OF THE 3RD |
Boston (APP) Red Sox batting - Pitching for Texas (APP) Rangers : RHP Jaleel Martin
|
Batting: RHB Curt Stallings
|
0-0: Called Strike 0-1: Ball 1-1: Ground out 5-3 (Groundball, 56S, EV 68.1 MPH)
|
Batting: RHB Rogelio Cervantes
|
0-0: Ball 1-0: Fly out, F9 (Flyball, 89S, EV 76.9 MPH)
|
Batting: LHB Frank Olivo
|
0-0: Foul Ball, location: 2F 0-1: Ball 1-1: Fly out, F9 (Flyball, 89D, EV 108.1 MPH)
|
Bottom of the 3rd over - 0 runs, 0 hits, 0 errors, 0 left on base; Texas (APP) 0 - Boston (APP) 0 |
TOP OF THE 4TH |
Texas (APP) Rangers batting - Pitching for Boston (APP) Red Sox : RHP Jon Olivo
|
Batting: RHB Jordan Llanes
|
0-0: SINGLE (Groundball, 6MD, EV 98.1 MPH)
|
Batting: LHB Tomoya Hashimoto
|
0-0: Ball Jordan Llanes is caught stealing 2nd base 2-6 1-0: Ball 2-0: Ground out 4-3 (Groundball, 4, EV 84.4 MPH)
|
Batting: RHB Ryan Pastore
|
0-0: Ground out 6-3 (Groundball, 6, EV 88.1 MPH)
|
Top of the 4th over - 0 runs, 1 hit, 0 errors, 0 left on base; Texas (APP) 0 - Boston (APP) 0 |
BOTTOM OF THE 4TH |
Boston (APP) Red Sox batting - Pitching for Texas (APP) Rangers : RHP Jaleel Martin
|
Batting: SHB Eric Evans
|
0-0: Ball 1-0: Foul Ball, location: 2F 1-1: Foul Ball, location: 2F 1-2: Foul Ball, location: 2F 1-2: Ground out 4-3 (Groundball, 4, EV 81.3 MPH)
|
Batting: RHB John Doucette
|
0-0: Foul Ball, location: 2F 0-1: Ball 1-1: Ball 2-1: Ground out 6-3 (Groundball, 6, EV 80.0 MPH)
|
Batting: RHB Ben Crossley
|
0-0: Foul Ball, location: 2F 0-1: Foul Ball, location: 2F 0-2: Ball 1-2: Ball 2-2: Foul Ball, location: 2F 2-2: Ground out 1-3 (Groundball, 15S, EV 70.0 MPH)
|
Bottom of the 4th over - 0 runs, 0 hits, 0 errors, 0 left on base; Texas (APP) 0 - Boston (APP) 0 |
TOP OF THE 5TH |
Texas (APP) Rangers batting - Pitching for Boston (APP) Red Sox : RHP Jon Olivo
|
Batting: RHB Robby Adair
|
0-0: Called Strike 0-1: Foul Ball, location: 2F 0-2: SINGLE (Groundball, 25, EV 68.8 MPH) (infield hit)
|
Batting: RHB David Redman
|
0-0: Called Strike Robby Adair steals 2nd base (no throw) 0-1: Ball 1-1: Foul Ball, location: 2F 1-2: Ball 2-2: Ball 3-2: Base on Balls
|
Batting: RHB Shawn Weber
|
0-0: Foul Ball, location: 2F 0-1: SINGLE (Line Drive, 5D, EV 110.6 MPH) Robby Adair to third David Redman to second
|
Batting: LHB Justin Wheelock
|
0-0: Ball 1-0: Swinging Strike 1-1: Foul Ball, location: 2F 1-2: Foul Ball, location: 2F 1-2: Ball 2-2: Fielders Choice at 2nd, 4-6 (Groundball, 34, EV 98.1 MPH) Robby Adair scores David Redman to third
|
Batting: RHB Rafael Tapia
|
0-0: Called Strike 0-1: Ball 1-1: Ball 2-1: SINGLE (Line Drive, 78S, EV 104.4 MPH) David Redman scores Justin Wheelock to second
|
Batting: RHB Alex Lopez
|
0-0: Ball 1-0: Called Strike 1-1: Called Strike 1-2: Foul Ball, location: 2F 1-2: Ball 2-2: Foul Ball, location: 2F 2-2: SINGLE (Groundball, 6S, EV 70.6 MPH) (infield hit) Justin Wheelock to third Rafael Tapia to second
|
Batting: RHB Jordan Llanes
|
0-0: TRIPLE (Groundball, 5L, EV 105.6 MPH) Justin Wheelock scores Rafael Tapia scores Alex Lopez scores
|
Pitching: RHP Josh Graham
|
|
Batting: LHB Tomoya Hashimoto
|
0-0: Ball 1-0: SINGLE (Groundball, 5D, EV 95.6 MPH) Jordan Llanes scores
|
Batting: RHB Ryan Pastore
|
0-0: Called Strike 0-1: Ball 1-1: Ball 2-1: Called Strike 2-2: Strikes out swinging
|
Batting: RHB Robby Adair
|
0-0: Ball 1-0: Ball 2-0: Ball 3-0: Base on Balls Tomoya Hashimoto to second
|
Batting: RHB David Redman
|
0-0: Ball 1-0: Swinging Strike 1-1: Fly out, F8 (Flyball, 8RXD, EV 85.0 MPH)
|
Top of the 5th over - 6 runs, 6 hits, 0 errors, 2 left on base; Texas (APP) 6 - Boston (APP) 0 |
BOTTOM OF THE 5TH |
Boston (APP) Red Sox batting - Pitching for Texas (APP) Rangers : RHP Jaleel Martin
|
Batting: RHB Dominique Paolozzi
|
0-0: Foul Ball, location: 2F 0-1: Hit by Pitch
|
Batting: RHB Paul Bennett
|
0-0: Ball 1-0: Called Strike 1-1: Foul Ball, location: 2F 1-2: Ball 2-2: Foul Ball, location: 2F 2-2: Fly out, F3 (Line Drive, 3, EV 69.4 MPH) Lined into DP, U3 (Line Drive, 3, EV 68.8 MPH)
|
Batting: RHB Joe Booth
|
0-0: Ball 1-0: Ground out 4-3 (Groundball, 4, EV 101.3 MPH)
|
Bottom of the 5th over - 0 runs, 0 hits, 0 errors, 0 left on base; Texas (APP) 6 - Boston (APP) 0 |
TOP OF THE 6TH |
Texas (APP) Rangers batting - Pitching for Boston (APP) Red Sox : RHP Josh Graham
|
Batting: RHB Shawn Weber
|
0-0: Foul Ball, location: 2F 0-1: Ball 1-1: Ball 2-1: Fly out, F8 (Flyball, 8LS, EV 88.1 MPH)
|
Batting: LHB Justin Wheelock
|
0-0: Foul Ball, location: 2F 0-1: SINGLE (Line Drive, 78S, EV 107.5 MPH)
|
Batting: RHB Rafael Tapia
|
0-0: Fielders Choice at 2nd, 3-6 (Groundball, 3, EV 79.4 MPH)
|
Batting: RHB Alex Lopez
|
0-0: Ball 1-0: Called Strike 1-1: Called Strike 1-2: Ball 2-2: Strikes out swinging
|
Top of the 6th over - 0 runs, 1 hit, 0 errors, 1 left on base; Texas (APP) 6 - Boston (APP) 0 |
BOTTOM OF THE 6TH |
Boston (APP) Red Sox batting - Pitching for Texas (APP) Rangers : RHP Jaleel Martin
|
Batting: RHB Curt Stallings
|
0-0: Called Strike 0-1: Swinging Strike 0-2: Ball 1-2: Foul Ball, location: 2F 1-2: Strikes out looking
|
Batting: RHB Rogelio Cervantes
|
0-0: Foul Ball, location: 2F 0-1: Called Strike 0-2: SINGLE (Groundball, P, EV 85.0 MPH) (infield hit)
|
Batting: LHB Frank Olivo
|
0-0: Called Strike 0-1: Ball 1-1: Called Strike Rogelio Cervantes steals 2nd base 1-2: DOUBLE (Line Drive, 89D, EV 109.4 MPH) Rogelio Cervantes scores
|
Batting: SHB Eric Evans
|
0-0: Ball 1-0: Ball 2-0: Foul Ball, location: 2F 2-1: Foul Ball, location: 2F 2-2: Ground out U3 (Groundball, 34D, EV 105.0 MPH) Frank Olivo to third
|
Batting: RHB John Doucette
|
0-0: Ball 1-0: Ball 2-0: SINGLE (Groundball, 5S, EV 67.5 MPH) (infield hit) Frank Olivo scores
|
Batting: RHB Ben Crossley
|
0-0: Fielders Choice at 2nd, 6-4 (Groundball, 56, EV 88.1 MPH)
|
Bottom of the 6th over - 2 runs, 3 hits, 0 errors, 1 left on base; Texas (APP) 6 - Boston (APP) 2 |
TOP OF THE 7TH |
Texas (APP) Rangers batting - Pitching for Boston (APP) Red Sox : RHP Josh Graham
|
Pitching: RHP Mike Tolley
|
|
Batting: RHB Jordan Llanes
|
0-0: Ball 1-0: Swinging Strike 1-1: Foul Ball, location: 2F 1-2: Foul Ball, location: 2F 1-2: Ball 2-2: Strikes out swinging
|
Batting: LHB Tomoya Hashimoto
|
0-0: Ball 1-0: Ball 2-0: Foul Ball, location: 2F 2-1: Foul Ball, location: 2F 2-2: DOUBLE (Flyball, 7LD, EV 115.0 MPH)
|
Batting: RHB Ryan Pastore
|
0-0: Ball Wild Pitch! Tomoya Hashimoto to third 1-0: Ground out 5-3 (Groundball, 56S, EV 86.3 MPH) Tomoya Hashimoto scores
|
Batting: RHB Robby Adair
|
0-0: Foul Ball, location: 2F 0-1: Foul Ball, location: 2F 0-2: Foul Ball, location: 2F 0-2: Ball 1-2: Foul Ball, location: 2F 1-2: Strikes out looking
|
Top of the 7th over - 1 run, 1 hit, 0 errors, 0 left on base; Texas (APP) 7 - Boston (APP) 2 |
BOTTOM OF THE 7TH |
Boston (APP) Red Sox batting - Pitching for Texas (APP) Rangers : RHP Jaleel Martin
|
Now in RF: Matt Silva
|
|
Batting: RHB Dominique Paolozzi
|
0-0: Ball 1-0: Ball 2-0: Called Strike 2-1: Fly out, F8 (Flyball, 8RS, EV 78.1 MPH)
|
Batting: RHB Paul Bennett
|
0-0: Foul Ball, location: 2F 0-1: Ball 1-1: Ball 2-1: Foul Ball, location: 2F 2-2: Strikes out swinging
|
Batting: RHB Joe Booth
|
0-0: Ball 1-0: Swinging Strike 1-1: Swinging Strike 1-2: Strikes out looking
|
Bottom of the 7th over - 0 runs, 0 hits, 0 errors, 0 left on base; Texas (APP) 7 - Boston (APP) 2 |
TOP OF THE 8TH |
Texas (APP) Rangers batting - Pitching for Boston (APP) Red Sox : RHP Mike Tolley
|
Batting: RHB David Redman
|
0-0: Ball 1-0: Foul Ball, location: 2F 1-1: Swinging Strike 1-2: Strikes out swinging
|
Batting: RHB Shawn Weber
|
0-0: Foul Ball, location: 2F 0-1: Ball 1-1: Fly out, F7 (Flyball, 7S, EV 75.0 MPH)
|
Batting: LHB Justin Wheelock
|
0-0: Ball 1-0: Ball 2-0: Foul Ball, location: 2F 2-1: Ball 3-1: Base on Balls
|
Pitching: RHP Victor Fuentes
|
|
Batting: RHB Rafael Tapia
|
0-0: Ball 1-0: SINGLE (Flyball, 89S, EV 98.1 MPH) Justin Wheelock to second
|
Batting: RHB Alex Lopez
|
0-0: Ball 1-0: Ground out U3 (Groundball, 34S, EV 94.4 MPH)
|
Top of the 8th over - 0 runs, 1 hit, 0 errors, 2 left on base; Texas (APP) 7 - Boston (APP) 2 |
BOTTOM OF THE 8TH |
Boston (APP) Red Sox batting - Pitching for Texas (APP) Rangers : RHP Jaleel Martin
|
Batting: RHB Curt Stallings
|
0-0: Foul Ball, location: 2F 0-1: Ball 1-1: Called Strike 1-2: Ball 2-2: Strikes out swinging
|
Pitching: RHP Manny Campos
|
|
Pinch Hitting: LHB Stanislav Parusov
|
0-0: Ball 1-0: Foul Ball, location: 2F 1-1: Swinging Strike 1-2: Ground out 4-3 (Groundball, 4, EV 87.5 MPH)
|
Batting: LHB Frank Olivo
|
0-0: Ball 1-0: Foul Ball, location: 2F 1-1: Swinging Strike 1-2: Ball 2-2: Ball 3-2: Ground out 6-3 (Groundball, 6, EV 100.6 MPH)
|
Bottom of the 8th over - 0 runs, 0 hits, 0 errors, 0 left on base; Texas (APP) 7 - Boston (APP) 2 |
TOP OF THE 9TH |
Texas (APP) Rangers batting - Pitching for Boston (APP) Red Sox : RHP Victor Fuentes
|
Pitching: RHP Juan Mejia
|
|
Now at SS: Stanislav Parusov
|
|
Batting: RHB Jordan Llanes
|
0-0: Called Strike 0-1: Ball 1-1: Ball 2-1: Fly out, F7 (Flyball, 7D, EV 109.4 MPH)
|
Batting: RHB Matt Silva
|
0-0: Ball 1-0: Ball 2-0: Foul Ball, location: 2F 2-1: Fly out, F9 (Flyball, 9, EV 78.8 MPH)
|
Batting: RHB Ryan Pastore
|
0-0: Ball 1-0: Swinging Strike 1-1: Ball 2-1: Called Strike 2-2: Ball 3-2: SINGLE (Groundball, 56D, EV 97.5 MPH)
|
Batting: RHB Robby Adair
|
0-0: Called Strike 0-1: Ball 1-1: Swinging Strike 1-2: Ball 2-2: Strikes out swinging
|
Top of the 9th over - 0 runs, 1 hit, 0 errors, 1 left on base; Texas (APP) 7 - Boston (APP) 2 |
BOTTOM OF THE 9TH |
Boston (APP) Red Sox batting - Pitching for Texas (APP) Rangers : RHP Manny Campos
|
Batting: SHB Eric Evans
|
0-0: DOUBLE (Groundball, 5L, EV 103.1 MPH)
|
Batting: RHB John Doucette
|
0-0: Ground out 6-3 (Groundball, 6, EV 85.6 MPH) Eric Evans to third
|
Pinch Hitting: LHB Eddie Contreras
|
0-0: Ball 1-0: Ground out U3 (Groundball, 3L, EV 103.8 MPH)
|
Batting: RHB Dominique Paolozzi
|
0-0: Ground out 6-3 (Groundball, 6S, EV 88.1 MPH)
|
Bottom of the 9th over - 0 runs, 1 hit, 0 errors, 1 left on base; Texas (APP) 7 - Boston (APP) 2 |
|